 Dungeon Crawl Stone Soup version 0.20-a0-1017-gc3250ce (webtiles) character file.

79 HankScorpio the Cudgeler (level 4, -1/26 HPs)
             Began as a Gargoyle Gladiator on Apr 18, 2017.
             Killed by divine providence
             ... invoked by an orc priest
              (9 damage)
             ... on level 3 of the Dungeon.
             The game lasted 00:03:10 (2149 turns).

HankScorpio the Cudgeler (Gargoyle Gladiator)       Turns: 2149, Time: 00:03:10

Health: -1/26      AC:  7    Str: 19    XL:     4   Next: 38%
Magic:  4/4        EV: 11    Int:  8    God:
Gold:   171        SH:  3    Dex: 11    Spells: 3/3 levels left

rFire    . . .     SeeInvis .   a - +0 flail
rCold    . . .     Gourm    .   v - +0 buckler
rNeg     + . .     Faith    .   b - +0 leather armour
rPois    ∞         Spirit   .   x - +1 hat
rElec    +         Reflect  .   (no cloak)
rCorr    .         Harm     .   (no gloves)
MR       .....                  (no boots)
Stlth    +.........             q - amulet of magic regeneration
Regen    0.1/turn               (no ring)
MPRegen  0.2/turn               (no ring)

@: no status effects
A: negative energy resistance 1, electricity resistance, unbreathing,
petrification resistance, rot immunity, AC +3
a: no special abilities


You were on level 3 of the Dungeon.
You were not hungry.

You visited 1 branch of the dungeon, and saw 3 of its levels.

You collected 171 gold pieces.

Inventory:

Hand Weapons
 a - a +0 flail (weapon)
Missiles
 d - 3 throwing nets (quivered)
Armour
 b - a +0 leather armour (worn)
 c - a +0 helmet
 v - a +0 buckler (worn)
 x - a +1 hat (worn)
Jewellery
 q - an amulet of magic regeneration (around neck)
Scrolls
 e - a scroll of immolation {unknown}
 g - a scroll of remove curse {unknown}
 i - a scroll of blinking {unknown}
 j - 2 scrolls of enchant armour {unknown}
 k - a scroll of fear {unknown}
 p - 3 scrolls of identify {unknown}
 t - a scroll of magic mapping {unknown}
 u - 3 scrolls of amnesia {unknown}
Potions
 h - a potion of ambrosia {unknown}
 l - 2 potions of heal wounds {unknown}
 m - 2 potions of degeneration {unknown}
 n - 2 potions of curing {unknown}
 o - a potion of agility {unknown}
 s - a potion of brilliance {unknown}
 w - 2 potions of flight {unknown}
Comestibles
 f - 2 bread rations
 r - 10 fruits


   Skills:
 - Level 2.1 Fighting
 + Level 5.0 Maces & Flails
 - Level 1.7 Throwing
 - Level 2.4 Dodging


You had 3 spell levels left.
You didn't know any spells.

Dungeon Overview and Level Annotations

Branches:
Dungeon (3/15)

Altars:


Innate Abilities, Weirdness & Mutations

You are resistant to torment.
Your stone body is resilient. (AC +3)
You are immune to poison.
You resist negative energy. (rN+)
You are resistant to electric shocks. (rElec)
You can survive without breathing.
You are immune to petrification.
You are immune to rotting.


Message History

You must enter the number of times for the command to repeat.
The orc priest closely misses you.
You hit the orc priest but do no damage.
You block the orc priest's attack. The orc priest misses you.
You hit the orc priest but do no damage.
The orc priest hits you.
* * * LOW HITPOINT WARNING * * *
The orc priest barely misses you. The orc priest completely misses you.
You hit the orc priest but do no damage.
The orc priest begins to cast a cantrip, but forgets the words!
The orc priest barely misses you.
You hit the orc priest.
The orc priest is lightly wounded.
The orc priest casts a cantrip, but nothing happens.
You closely miss the orc priest.
The orc priest is lightly wounded.
The orc priest mumbles some strange prayers to Beogh against you.
Beogh smites you!
You die...

#.###..### # #
#....#..# .#.#
####.#..##.#.##
#..........#
#.##..#.####.
######..#......
.......)......#
########..###.#
#...@oo>..# #
#.#####.#.#
.#.# .# # .# ..
.#


You could see 2 orc priests.

Vanquished Creatures
  An adder (D:3)
  A worm (D:3)
  3 dart slugs
  A leopard gecko (D:3)
  4 orcs (D:3)
  2 ball pythons
  3 bats
  3 giant cockroaches
  8 goblins
  6 hobgoblins
  4 jackals (D:2)
  6 kobolds
  5 frilled lizards
  A leopard gecko zombie (D:3)
  6 rats
54 creatures vanquished.

Notes
Turn   | Place    | Note
-------+----------+-------------------------------------------
     0 | D:1      | HankScorpio the Gargoyle Gladiator began the quest for the Orb.
     0 | D:1      | Reached XP level 1. HP: 12/12 MP: 1/1
   145 | D:1      | Reached XP level 2. HP: 15/17 MP: 2/2
   596 | D:1      | Reached skill level 4 in Maces & Flails
   856 | D:2      | Reached XP level 3. HP: 21/21 MP: 3/3
  1736 | D:3      | Reached XP level 4. HP: 12/26 MP: 4/4
  2057 | D:3      | Reached skill level 5 in Maces & Flails
  2149 | D:3      | Killed from afar by an orc priest

Vault maps used:
D:1:      dpeg_arrival_three_same_balls
D:3:      first_bread, serial_undead, serial_undead_b, serial_undead_c,
          serial_undead_e, serial_undead_b, guppyfry_early_orc_mine

Skill      XL: |  1  2  3  4 |
---------------+-------------+-----
Maces & Flails | 4 5 |  5.0
Fighting       | |  2.1
Throwing       | |  1.7
Dodging        | |  2.4

Action                   |  1- 3 |  4- 6 || total
-------------------------+-------+-------++-------
Melee: Flail             |   137 |    38 ||   175
 Stab: Distracted        |       |     1 ||     1
       Sleeping          |       |     1 ||     1
  Eat: Chunk             |     1 |       ||     1
       Bread ration      |       |     1 ||     1
Armor: Leather armour    |    60 |    12 ||    72
Dodge: Dodged            |    80 |    23 ||   103
Block: Buckler           |       |     4 ||     4
